[Event "*** Titled Tuesday Blitz"]
[Site "Chess.com"]
[Date "2020.04.07"]
[Round "6"]
[White "LilRag"]
[Black "ChessicallyInclined"]
[Result "0-1"]
[WhiteElo "2374"]
[BlackElo "2536"]
[TimeControl "180+1"]
[EndTime "14:06:42 PDT"]
[Termination "ChessicallyInclined won by checkmate"]

1. Nf3 Nf6 2. d4 b6 3. e3 Bb7 4. Bd3 g6 5. O-O Bg7 6. b3 O-O 7. Bb2 c5 8. Nbd2 Nc6 9. c4 d5 10. Rc1 cxd4 11. Nxd4 Ne5 12. Be2 dxc4 13. Nxc4 Nxc4 14.
Bxc4 a6 15. Nf3 b5 16. Qxd8 Rfxd8 17. Be2 Rac8 18. h3 Ne4 19. Bxg7 Kxg7 20. Rxc8 Rxc8 21. Bd3 Nc3 22. a3 Be4 23. Bxe4 Nxe4 24. Rd1 Rc3 25. Rd7 Kf6 26. Ra7 Rxb3 27. Rxa6+ e6 28. Nd4 Rb1+ 29. Kh2 Nxf2 30. Rb6 Rh1+ 31. Kg3 Ne4+ 32. Kf3 Nd2+ 33. Ke2 Nc4 34. Rxb5 Nxa3 35. Rb7 Nc4 36. Nc6 Nd6 37.
Rd7 Nf5 38. Nd8 Ra1 39. Rxf7+ Ke5 40. Rxh7 Ke4 41. Nxe6 Ra2+ 42. Ke1 Kxe3 43. Kd1 Rxg2 44. Ng7 Nd4 45. Ne8 Rg1# 0-1

[Event "*** Titled Tuesday Blitz"]
[Site "Chess.com"]
[Date "2020.04.07"]
[Round "6"]
[White "omidnoroozi21"]
[Black "DinaBelenkaya"]
[Result "1-0"]
[WhiteElo "2554"]
[BlackElo "2238"]
[TimeControl "180+1"]
[EndTime "14:06:42 PDT"]
[Termination "omidnoroozi21 won on time"]

1. c4 e5 2. Nc3 Nc6 3. Nf3 Nf6 4.
e3 Bb4 5. Qc2 O-O 6. Nd5 Bc5 7.
a3 a5 8. Bd3 h6 9. b3 d6 10.
Nc3 Re8 11. Bb2 Qe7 12. Ne4 Nxe4 13. Bxe4 Bd7 14. O-O Qf8 15. Rad1 Kh8 16. d4 exd4 17. exd4 Ba7 18. h3 Ne7 19. Bxb7 Rab8 20. Be4 f5 21. Bd3 Ng6 22. Bc1 Qf6 23. Qc3 a4 24. b4 c5 25. Bc2 cxd4 26. Nxd4 Nh4 27. Kh2 f4 28. Qd3 g6 29. Bb2 Re5 30. Nf3 Nxf3+ 31. Qxf3 Rbe8 32. c5 Kh7 33. Rxd6 1-0

[Event "*** Titled Tuesday Blitz"]
[Site "Chess.com"]
[Date "2020.04.07"]
[Round "6"]
[White "SlavenPastar"]
[Black "Misi_95"]
[Result "0-1"]
[WhiteElo "2507"]
[BlackElo "2699"]
[TimeControl "180+1"]
[EndTime "14:06:43 PDT"]
[Termination "Misi_95 won by checkmate"]

1. d4 g6 2. c4 Bg7 3. Nc3 Nf6 4. Bg5 O-O 5. e3 d6 6. Nf3 Bf5 7. Be2 Nbd7 8. O-O c5 9. d5 Ne4 10. Nxe4 Bxe4 11. Qd2 h6 12. Bh4 a6 13. Rfd1 Rb8 14.
Ne1 g5 15. Bg3 b5 16. f3 Bg6 17. cxb5 axb5 18. a3 c4 19. Rdc1 Nc5 20. Bd1 Na4 21. Ra2 Qb6 22. Bf2 Rfc8 23. Bc2 Bxc2 24. Nxc2 Nxb2 25. e4 Qc7 26. Bd4 Nd3 27. Rb1 Bxd4+ 28. Nxd4 Qc5 29. Qe3 b4 30. axb4 Rxb4 31. Rxb4 Qxb4 32.
Ra1 Qc5 33. h4 f6 34. Kh2 Ne5 35. Qc3 Rb8 36. Nf5 Qf2 37. Nxh6+ Kh7 38. Nf5 Rb2 39. Rg1 gxh4 40. Kh3 Qxg1 41. Qxb2 Qh1# 0-1

[Event "*** Titled Tuesday Blitz"]
[Site "Chess.com"]
[Date "2020.04.07"]
[Round "6"]
[White "GM-AndreyOrlov"]
[Black "diskeleven"]
[Result "0-1"]
[WhiteElo "2620"]
[BlackElo "2377"]
[TimeControl "180+1"]
[EndTime "14:06:44 PDT"]
[Termination "diskeleven won by resignation"]

1. e4 c5 2. Nc3 a6 3. g3 b5 4. Bg2 Bb7 5. d3 e6 6. f4 d5 7. e5 h5 8. Nf3 Nh6 9. O-O Nf5 10. Ne2 Be7 11. h4 Nc6 12. Kh2 Qb6 13.
Neg1 Nh6 14. Nh3 Ng4+ 15. Kh1 O-O-O 16. c3 d4 17. c4 bxc4 18. dxc4 Ne3 19. Bxe3 dxe3 20.
Qe2 Nd4 21. Nxd4 cxd4 22. Rfd1 Bxg2+ 23. Kxg2 d3 24. Qf3 Qxb2+ 25. Kg1 e2 26. Rdb1 Qd4+ 27. Nf2 Kd7 28. Rb7+ Ke8 29. Qc6+ Kf8 30. Re1 Bc5 0-1

[Event "*** Titled Tuesday Blitz"]
[Site "Chess.com"]
[Date "2020.04.07"]
[Round "6"]
[White "AsselLesbekova"]
[Black "gvanna"]
[Result "1/2-1/2"]
[WhiteElo "2307"]
[BlackElo "2450"]
[TimeControl "180+1"]
[EndTime "14:06:45 PDT"]
[Termination "Game drawn by repetition"]

1. e4 c5 2. Nf3 Nc6 3. Bb5 g6 4. O-O Bg7 5. Re1 Nf6 6. c3 O-O 7. d4 cxd4 8. cxd4 a6 9. Bf1 d6 10. h3 Bd7 11. Nc3 Rc8 12. Be3 Na5 13. Rc1 Nc4 14. Bxc4 Rxc4 15. Qd3 b5 16. b3 Rc8 17. Ne2 Qa5 18. e5 Nd5 19. exd6 exd6 20. Qe4 Nxe3 21. fxe3 Qxa2 22. Rxc8 Bxc8 23. Qc6 Qxb3 24. Qxd6 Qxe3+ 25. Kh1 Bb7 26. Nf4 Qf2 27. Nd5 Bxd5 28. Qxd5 Rc8 29.
Re7 Rf8 30. Re1 Bh6 31. Qb7 Qa2 32. Ne5 Bf4 33. Ng4 h5 34. Nf6+ Kg7 35. Rf1 Qd2 36.
Nd7 Re8 37. Ne5 Rf8 38. Nd7 Re8 39. Ne5 Rf8 40. Nd7 1/2-1/2

[Event "*** Titled Tuesday Blitz"]
[Site "Chess.com"]
[Date "2020.04.07"]
[Round "6"]
[White "SergioGarciaFuentes"]
[Black "Rubinstein_Akiba"]
[Result "0-1"]
[WhiteElo "2192"]
[BlackElo "2349"]
[TimeControl "180+1"]
[EndTime "14:06:45 PDT"]
[Termination "Rubinstein_Akiba won by resignation"]

1. Nf3 c5 2. g3 d5 3. Bg2 Nc6 4. d4 Nf6 5. O-O cxd4 6. Nxd4 e5 7. Nxc6 bxc6 8. c4 Be6 9. Nc3 Rc8 10. cxd5 cxd5 11.
Qa4+ Qd7 12. Qxd7+ Kxd7 13. Rd1 d4 14. e3 Bc5 15.
Na4 Bd5 16. Nxc5+ Rxc5 17. exd4 exd4 18. Rxd4 Re8 19. Be3 Kc6 20. Rxd5 Rxd5 21. Bxa7 Ne4 22. Be3 f5 23. a4 Rb8 24. a5 Kb7 25. a6+ Ka8 26.
Ra4 Rd1+ 27. Bf1 Rxb2 28. Kh1 0-1

[Event "*** Titled Tuesday Blitz"]
[Site "Chess.com"]
[Date "2020.04.07"]
[Round "6"]
[White "SGchess01"]
[Black "nabukatnezarr"]
[Result "0-1"]
[WhiteElo "2782"]
[BlackElo "2564"]
[TimeControl "180+1"]
[EndTime "14:06:46 PDT"]
[Termination "nabukatnezarr won on time"]

1. d4 Nf6 2. c4 e6 3. Nc3 Bb4 4.
e3 c5 5. Bd3 Nc6 6. Nf3 d5 7.
O-O dxc4 8. Bxc4 O-O 9. a3 Ba5 10.
h3 Qc7 11. Nb5 Qe7 12. dxc5 Qxc5 13. Qe2 Qe7 14. b4 Bb6 15. Bb2 a6 16. Nc3 e5 17.
Nd5 Nxd5 18. Bxd5 e4 19. Nd2 Bf5 20. Rad1 Bc7 21. Nc4 Rad8 22. f4 exf3 23. Qxf3 Bg6 24. e4 Bb8 25. Rd2 Qc7 26. e5 Qe7 27. Re2 Rxd5 28. Qxd5 Rd8 29. Qf3 Bd3 30. Nd6 Bxe2 0-1

[Event "*** Titled Tuesday Blitz"]
[Site "Chess.com"]
[Date "2020.04.07"]
[Round "6"]
[White "Training_Day"]
[Black "chabo96"]
[Result "0-1"]
[WhiteElo "2337"]
[BlackElo "2613"]
[TimeControl "180+1"]
[EndTime "14:06:46 PDT"]
[Termination "chabo96 won by resignation"]

1. e4 e6 2. d4 d5 3. e5 c5 4.
c3 Nc6 5. Nf3 Bd7 6. Be2 Nge7 7.
O-O Ng6 8. g3 Be7 9. h4 O-O 10. h5 Nh8 11. h6 g6 12. Re1 b6 13.
Be3 f6 14. exf6 Rxf6 15. Bg5 Rxf3 16. Bxe7 Rxg3+ 17. fxg3 Qxe7 18. Qd2 Rf8 19. Na3 Qd6 20. Kg2 Nf7 21. Rf1 Ne7 22. Nb5 Bxb5 23. Bxb5 Nf5 24.
Qf4 Qxf4 25. Rxf4 N7xh6 26. Re1 Rf6 27. Bd7 Kf7 28. g4 Nh4+ 29. Kg3 Rxf4 30. Bxe6+ Kf6 31. Kxh4 Nf5+ 32. Kh3 Rf3+ 33. Kh2 Ne3 34. g5+ Kxe6 0-1

[Event "*** Titled Tuesday Blitz"]
[Site "Chess.com"]
[Date "2020.04.07"]
[Round "6"]
[White "TomasKapitanchuk"]
[Black "mathapples"]
[Result "0-1"]
[WhiteElo "2476"]
[BlackElo "2335"]
[TimeControl "180+1"]
[EndTime "14:06:46 PDT"]
[Termination "mathapples won by resignation"]

1. e4 c6 2. d4 d5 3. exd5 cxd5 4. Bd3 Nc6 5. c3 Nf6 6. Bf4 Bg4 7. Qb3 Qd7 8. Nd2 e6 9. Ngf3 Bxf3 10. Nxf3 Bd6 11. Bxd6 Qxd6 12. O-O O-O 13. Rfe1 Rab8 14. Ne5 b5 15. Re3 b4 16. Qc2 bxc3 17. bxc3 h6 18. Rae1 Rfc8 19. Qd2 Qa3 20. Rg3 Kf8 21. Bb1 Nxe5 22.
dxe5 Rxb1 23. exf6 Qb2 24. fxg7+ Kg8 25. Qe3 d4 26. Qe4 Rxe1+ 27. Qxe1 dxc3 28. h3 c2 29. Qe4 c1=Q+ 30. Kh2 Qxf2 0-1

[Event "*** Titled Tuesday Blitz"]
[Site "Chess.com"]
[Date "2020.04.07"]
[Round "6"]
[White "hamelekh"]
[Black "Colombiano07"]
[Result "1-0"]
[WhiteElo "2781"]
[BlackElo "2240"]
[TimeControl "180+1"]
[EndTime "14:06:47 PDT"]
[Termination "hamelekh won on time"]

1. e4 c5 2. Nc3 g6 3. Nf3 Bg7 4. d4 cxd4 5. Nxd4 Nc6 6. Be3 Nf6 7. Bc4 O-O 8. Bb3 a5 9. a3 Ng4 10. Qxg4 Nxd4 11. O-O-O Nxb3+ 12. cxb3 d5 13. Qg3 d4 14. e5 Qc7 15. Bxd4 Bf5 16. Qe3 b5 17. Kd2 b4 18. Nd5 Qc2+ 19. Ke1 Rfe8 20. Rc1 Qe4 21. Nc7 Qxg2 22. Kd2 Rad8 23. Nxe8 Rxe8 24. Rhg1 Qd5 25.
Rc5 Qe6 26. Rgc1 Rd8 27. Ke1 h5 28. Rxa5 Kh7 29. axb4 Bh6 30. f4 h4 31. Ra8 Rxa8 32.
b5 Rd8 33. b6 Qd5 34. Rc4 Qh1+ 35. Kd2 Qxh2+ 36. Kc3 Qxf4 37. Qxf4 Bxf4 38. Kb4 Be4 39. Bc3 f5 40. exf6 exf6 41. Rxe4 Be5 42. Bxe5 fxe5 43. Rxh4+ Kg7 44. Rc4 Kf6 45. Kb5 g5 46. b7 Kf5 47. Rc8 Rd5+ 48. Kc4 1-0

[Event "*** Titled Tuesday Blitz"]
[Site "Chess.com"]
[Date "2020.04.07"]
[Round "6"]
[White "dopolian"]
[Black "Tormoz"]
[Result "0-1"]
[WhiteElo "2491"]
[BlackElo "2667"]
[TimeControl "180+1"]
[EndTime "14:06:48 PDT"]
[Termination "Tormoz won on time"]

1. e4 e5 2. Nf3 Nf6 3. Nxe5 d6 4. Nf3 Nxe4 5. Nc3 Nxc3 6. dxc3 Be7 7. Be3 O-O 8. Qd2 Nd7 9. O-O-O Nf6 10. h3 c5 11.
c4 Be6 12. Be2 a6 13. a3 b5 14. cxb5 axb5 15. Bxb5 Qb6 16. a4 Rfb8 17. Qe2 Rxa4 18.
Bxa4 Qxb2+ 19. Kd2 Ne4+ 20. Ke1 Nc3 21. Qd2 Nxd1 22.
Kxd1 Qa1+ 23. Qc1 Rb1 24. Bb5 Bf5 25. Ke2 Rxc1 26. Rxc1 Qb2 27. Bd3 Bxd3+ 28. Kxd3 d5 29. Ke2 d4 30. Bf4 c4 31. Kf1 f6 32. Rd1 Bc5 33.
Rd2 Qb1+ 34. Ke2 c3 0-1

[Event "*** Titled Tuesday Blitz"]
[Site "Chess.com"]
[Date "2020.04.07"]
[Round "6"]
[White "GMKrikor"]
[Black "INLOVEWITHF"]
[Result "0-1"]
[WhiteElo "2777"]
[BlackElo "2560"]
[TimeControl "180+1"]
[EndTime "14:06:49 PDT"]
[Termination "INLOVEWITHF won by resignation"]

1. e4 e5 2. Nf3 Nc6 3. Bc4 Nf6 4.
d3 h6 5. O-O d6 6. c3 g5 7. Re1 g4 8. Nfd2 h5 9. Nf1 h4 10. d4 Bg7 11. Na3 Bd7 12. Bb3 Nh5 13. Ne3 g3 14. Nf5 exd4 15. cxd4 Qf6 16. Nb5 O-O-O 17.
Be3 Bxf5 18. exf5 Qxf5 19. d5 gxh2+ 20. Kh1 Ne5 21. Rc1 h3 22. Rxc7+ Kb8 23. Bxa7+ Ka8 24. g3 Nd3 25. Bc2 Nxg3+ 26. fxg3 Qxd5+ 0-1

[Event "*** Titled Tuesday Blitz"]
[Site "Chess.com"]
[Date "2020.04.07"]
[Round "6"]
[White "Mazetovic"]
[Black "eightbyeightchess"]
[Result "1-0"]
[WhiteElo "2598"]
[BlackElo "2350"]
[TimeControl "180+1"]
[EndTime "14:06:49 PDT"]
[Termination "Mazetovic won by resignation"]

1. d4 d5 2. Nf3 Nf6 3. Bf4 c5 4.
e3 Nc6 5. Nbd2 Bg4 6. c3 e6 7. Bb5 Bd6 8. Bxc6+ bxc6 9. Bxd6 Qxd6 10. Qa4 O-O 11. Qa3 Nd7 12. Nb3 Bxf3 13. gxf3 e5 14. Nxc5 Nxc5 15. Qxc5 Qf6 16. dxe5 Qxf3 17. Rg1 Rab8 18.
b3 f6 19. e6 Rfe8 20. Rd1 Rxe6 21. Rg3 Rb5 22. Qxa7 Rxe3+ 23. Qxe3 Qe4 24. Qxe4 dxe4 25. Rd7 Rg5 26. Rxg5 fxg5 27. a4 h5 28. a5 e3 29.
a6 exf2+ 30. Kxf2 1-0

[Event "*** Titled Tuesday Blitz"]
[Site "Chess.com"]
[Date "2020.04.07"]
[Round "6"]
[White "Oneofmyturns"]
[Black "ajian"]
[Result "1-0"]
[WhiteElo "2613"]
[BlackElo "2403"]
[TimeControl "180+1"]
[EndTime "14:06:51 PDT"]
[Termination "Oneofmyturns won on time"]

1. d4 d5 2. c4 e6 3. Nc3 Nf6 4. cxd5 exd5 5. Bg5 c6 6. e3 Be7 7. Bd3 O-O 8. Qc2 Nbd7 9. h3 Re8 10. Nf3 Nf8 11. Bf4 Bd6 12. Bxd6 Qxd6 13. O-O Ne6 14. Rab1 a5 15. a3 h6 16. Rfc1 Ng5 17. Ne5 Bd7 18. Na4 Nge4 19. f3 Ng3 20. Kf2 Nfh5 21. Nb6 Rxe5 22. dxe5 Qxe5 23. Re1 Rd8 24. Qc3 Qc7 25.
Nxd7 Rxd7 26. b4 axb4 27. Rxb4 Re7 28. Rg4 1-0

[Event "*** Titled Tuesday Blitz"]
[Site "Chess.com"]
[Date "2020.04.07"]
[Round "6"]
[White "ChelsieMonica"]
[Black "LimeInTheCoconut"]
[Result "1-0"]
[WhiteElo "2260"]
[BlackElo "2491"]
[TimeControl "180+1"]
[EndTime "14:06:51 PDT"]
[Termination "ChelsieMonica won by resignation"]

1. c4 e6 2. Nf3 d5 3. e3 Nf6 4. Nc3 Be7 5. b3 O-O 6. Bb2 b6 7. Be2 dxc4 8. bxc4 c5 9. O-O Bb7 10. d4 cxd4 11. exd4 Nc6 12. Qd2 Rc8 13. Rfd1 Na5 14. Ne5 Nd7 15. Qf4 Nxe5 16. dxe5 Qc7 17. Nb5 Qb8 18.
Rd7 Bc5 19. Rad1 Bc6 20. R7d3 Nxc4 21. Qxc4 Bf3 22. Rxf3 Bxf2+ 23. Rxf2 Rxc4 24. Bxc4 a6 25. Nd6 b5 26. Bb3 a5 27. Nxf7 Qa7 28. Bxe6 Re8 29. Bd5 1-0

[Event "*** Titled Tuesday Blitz"]
[Site "Chess.com"]
[Date "2020.04.07"]
[Round "6"]
[White "Bajecny"]
[Black "Witik"]
[Result "0-1"]
[WhiteElo "2286"]
[BlackElo "2712"]
[TimeControl "180+1"]
[EndTime "14:06:53 PDT"]
[Termination "Witik won by resignation"]

1. d4 d5 2. c4 e6 3. Nf3 c6 4.
Nc3 dxc4 5. e4 b5 6. Be2 Nf6 7. e5 Nd5 8. Ne4 h6 9. O-O Nd7 10. b3 c3 11. a4 b4 12. Bd3 Be7 13. Qe2 a5 14. Ne1 Qb6 15. Be3 Ba6 16. f4 O-O 17. f5 Nxe3 18. Qxe3 Nxe5 19. Bxa6 Rxa6 20. f6 Ng4 21.
Qd3 Nxf6 22. Nxf6+ Bxf6 23. Rxf6 gxf6 24. Qg3+ Kh7 25.
Nf3 Ra7 26. Qh4 Qd8 27. Rf1 f5 28. Qh5 Qf6 29. Ne5 Rg8 30. Qf3 c5 31. Nc6 Rc7 32. dxc5 Rgc8 33. Nxa5 Rxc5 34. Nc4 Rxc4 35. bxc4 b3 36.
Qb7 Rxc4 37. Qxb3 Qd4+ 38. Kh1 c2 39. Rc1 Rc3 0-1

[Event "*** Titled Tuesday Blitz"]
[Site "Chess.com"]
[Date "2020.04.07"]
[Round "6"]
[White "willc-h99"]
[Black "JesseFebruary"]
[Result "1-0"]
[WhiteElo "2249"]
[BlackElo "1759"]
[TimeControl "180+1"]
[EndTime "14:06:53 PDT"]
[Termination "willc-h99 won on time"]

1. c4 e5 2. g3 Nf6 3. Bg2 d5 4. cxd5 Nxd5 5. Nc3 Nb6 6. d3 Nc6 7. Bxc6+ bxc6 8. Nf3 Bd6 9. O-O O-O 10. Be3 h6 11. Rc1 Bh3 12. Re1 Nd5 13. Bd2 Rb8 14. Na4 Qd7 15.
Qc2 Nb4 16. Qb1 Rfe8 17. a3 Nd5 18. Nc5 Bxc5 19. Rxc5 Rb5 20. Rec1 Reb8 21. b4 a5 22. Nxe5 Qf5 23. Nxc6 Qg4 24. Rxd5 Rxd5 25. Ne7+ Kh8 26.
Nxd5 Qxe2 27. Nf4 Qxd2 28. Nxh3 1-0

[Event "*** Titled Tuesday Blitz"]
[Site "Chess.com"]
[Date "2020.04.07"]
[Round "6"]
[White "volcanoexplorer"]
[Black "GMG"]
[Result "0-1"]
[WhiteElo "2540"]
[BlackElo "2775"]
[TimeControl "180+1"]
[EndTime "14:06:55 PDT"]
[Termination "GMG won by checkmate"]

1. e4 c6 2. d4 d5 3. f3 e6 4. Nc3 Bb4 5. Bf4 b6 6. a3 Bxc3+ 7.
bxc3 Ba6 8. Bd3 Ne7 9. Ne2 O-O 10. O-O c5 11. Ng3 Bxd3 12. Qxd3 cxd4 13. cxd4 Qc8 14. Bd6 Nbc6 15. e5 f5 16. exf6 Rxf6 17. a4 Nf5 18.
Nxf5 Rxf5 19. Rfe1 Qd7 20. Bg3 Rc8 21. Re3 Nb4 22.
Qe2 Nxc2 23. Re1 Nxe3 24. Qxe3 Rc6 25. h4 h6 26. Be5 Rf8 27. h5 Qf7 28. Qd3 Qxh5 29.
Qa6 Qf7 30. Qb5 Rfc8 31. Kh2 Rc2 32. Qd3 R8c3 33. Qb5 Qxf3 34. Qe8+ Kh7 35. Rg1 Qh3# 0-1

[Event "*** Titled Tuesday Blitz"]
[Site "Chess.com"]
[Date "2020.04.07"]
[Round "6"]
[White "JiangoFett"]
[Black "Chesstrainer1"]
[Result "1-0"]
[WhiteElo "2311"]
[BlackElo "2441"]
[TimeControl "180+1"]
[EndTime "14:06:55 PDT"]
[Termination "JiangoFett won on time"]

1. d4 Nf6 2. c4 g6 3. Nc3 Bg7 4. e4 O-O 5. f3 d6 6. Be3 c5 7. dxc5 dxc5 8. Qxd8 Rxd8 9. Bxc5 Nc6 10. Nge2 Nd7 11. Bf2 Nde5 12. Nf4 f5 13. Rd1 Rxd1+ 14. Kxd1 fxe4 15. Nxe4 Bf5 16. Nc5 b6 17. Nce6 Bh6 18.
g4 Bxe6 19. Nxe6 Kf7 20. g5 Kxe6 21. gxh6 Nxf3 22. Bg2 Nce5 23. b3 Rd8+ 24. Ke2 Rd2+ 25. Ke3 Rd3+ 26. Ke2 Rd2+ 27. Ke3 Ng4+ 28. Kxf3 Rxf2+ 29.
Kg3 Rxa2 30. Bh3 Ke5 31. Bxg4 Rb2 32. Re1+ Kf6 33. Re3 a5 34. h4 e5 35. Rf3+ Ke7 36. Rd3 e4 37. Re3 Kd6 38. Kf4 1-0

[Event "*** Titled Tuesday Blitz"]
[Site "Chess.com"]
[Date "2020.04.07"]
[Round "6"]
[White "Charlottemillard17"]
[Black "Playgood28"]
[Result "0-1"]
[WhiteElo "1319"]
[BlackElo "2244"]
[TimeControl "180+1"]
[EndTime "14:06:55 PDT"]
[Termination "Playgood28 won by checkmate"]

1. e4 e5 2. Nf3 d6 3. h3 Nf6 4. Nc3 g6 5. Bc4 Bg7 6. d3 O-O 7. O-O c6 8. Bg5 h6 9. Bh4 a5 10. a4 Na6 11. Kh1 Nc7 12. Nh2 Be6 13. Bxe6 Nxe6 14.
Ng4 g5 15. Bg3 Nh5 16. Nxh6+ Bxh6 17. Qxh5 Qf6 18. Ne2 Kg7 19. h4 Rh8 20. Kg1 gxh4 21. Bxh4 Bg5 22. Bxg5 Nxg5 23. Qg4 Rag8 24. Ng3 Qf4 25.
Nf5+ Kf6 26. Qxf4 Nh3+ 27. Kh2 Nxf4+ 28. Kg1 Ne2# 0-1

[Event "*** Titled Tuesday Blitz"]
[Site "Chess.com"]
[Date "2020.04.07"]
[Round "6"]
[White "wang5ter"]
[Black "guilhermedeola"]
[Result "0-1"]
[WhiteElo "2253"]
[BlackElo "2116"]
[TimeControl "180+1"]
[EndTime "14:06:57 PDT"]
[Termination "guilhermedeola won by checkmate"]

1. Nf3 g6 2. e3 Bg7 3. d4 d5 4. c4 e6 5. Nc3 Nf6 6. Qc2 O-O 7. Be2 b6 8. cxd5 Nxd5 9. Nxd5 exd5 10. O-O Ba6 11.
b4 Bxe2 12. Qxe2 Nd7 13. b5 Qe7 14. a4 Rfc8 15. Ba3 Qe4 16. Rfc1 Nb8 17. Nd2 Qe8 18.
Qf3 Qd7 19. Nb3 c5 20. dxc5 Bxa1 21. c6 Nxc6 22. bxc6 Rxc6 23. Rxa1 Rac8 24. Nd4 Rc3 25. Bb2 R3c4 26. Qf6 Qd8 27. Qe5 Qc7 28. Qf6 Rc1+ 29.
Bxc1 Qxc1+ 30. Rxc1 Rxc1# 0-1

[Event "*** Titled Tuesday Blitz"]
[Site "Chess.com"]
[Date "2020.04.07"]
[Round "6"]
[White "Nikolakis2014"]
[Black "joppie2"]
[Result "0-1"]
[WhiteElo "2699"]
[BlackElo "3005"]
[TimeControl "180+1"]
[EndTime "14:07:00 PDT"]
[Termination "joppie2 won by resignation"]

1. Nf3 c6 2. c4 d5 3. d4 Nf6 4.
Nc3 dxc4 5. e4 b5 6. Be2 g6 7. O-O Bg7 8. a4 b4 9. e5 bxc3 10. exf6 Bxf6 11. bxc3 Ba6 12. Bh6 Nd7 13. Nd2 Nb6 14.
Ne4 Nd5 15. Bf3 Qc7 16. Nxf6+ exf6 17. Re1+ Kd7 18. Bxd5 cxd5 19. Bg7 Rhe8 20. Qf3 Qc6 21. Bxf6 Rxe1+ 22. Rxe1 Re8 23. Be5 f6 24. Qh3+ Kd8 25. Qh4 Kc8 26. Qxh7 fxe5 27. dxe5 d4 28. cxd4 c3 29.
Qxa7 Bb7 30. f3 Rd8 31. Rc1 c2 32. Kf2 Qc3 33. Qc5+ Qxc5 34. dxc5 Rd2+ 35. Kg3 Bd5 36. Kf4 Bb3 37. e6 Rd1 38. e7 Kd7 39. c6+ Kxe7 0-1

[Event "*** Titled Tuesday Blitz"]
[Site "Chess.com"]
[Date "2020.04.07"]
[Round "6"]
[White "FeketeBarika"]
[Black "ENEASZ"]
[Result "1-0"]
[WhiteElo "2292"]
[BlackElo "2497"]
[TimeControl "180+1"]
[EndTime "14:07:00 PDT"]
[Termination "FeketeBarika won by resignation"]

1. Nf3 Nf6 2. g3 g6 3. Bg2 Bg7 4. O-O O-O 5. c4 d5 6. cxd5 Nxd5 7. Nc3 Nb6 8. d3 Nc6 9. Bg5 h6 10. Be3 e5 11. Rc1 Be6 12. Na4 Bxa2 13. Nc5 Qc8 14. b3 Nd5 15. Qd2 Ndb4 16. Bxh6 b6 17. Bxg7 Kxg7 18.
Nxe5 Nxe5 19. Qxb4 bxc5 20. Rxc5 Rb8 21. Qc3 f6 22.
Rxc7+ Qxc7 23. Qxc7+ Kh6 24. d4 Nf7 25. Qf4+ Kg7 26.
Rc1 Bxb3 27. Rc6 Nh6 28. Rc7+ Nf7 29. Rxa7 Bc4 30. h4 Rb1+ 31. Kh2 Bxe2 32. Bd5 Bd1 33. Qe4 Rb2 34. Qe6 1-0

[Event "*** Titled Tuesday Blitz"]
[Site "Chess.com"]
[Date "2020.04.07"]
[Round "6"]
[White "Vyacheslav_N"]
[Black "isla88"]
[Result "1-0"]
[WhiteElo "2449"]
[BlackElo "2271"]
[TimeControl "180+1"]
[EndTime "14:07:00 PDT"]
[Termination "Vyacheslav_N won by checkmate"]

1. e4 c5 2. Nf3 Nc6 3. d4 cxd4 4. Nxd4 e5 5. Nb5 d6 6. c4 Be7 7.
N1c3 a6 8. Na3 f5 9. exf5 Bxf5 10. Bd3 Be6 11. Nc2 Nf6 12. O-O O-O 13. Ne3 Qd7 14.
f4 exf4 15. Rxf4 Ne5 16. Be2 Nfg4 17. Nxg4 Rxf4 18. Bxf4 Nxg4 19. Nd5 Ne5 20. Nb6 Qd8 21. Nxa8 Qxa8 22. b3 Qa7+ 23. Kh1 g5 24. Bc1 Qf2 25.
Bb2 Qh4 26. Qd4 g4 27. Rf1 Bd7 28. Qf4 Be6 29. Bxe5 dxe5 30. Qxe5 Bf7 31. Bd3 h5 32. g3 Qh3 33. Qf5 Be8 34. Qh7# 1-0

[Event "*** Titled Tuesday Blitz"]
[Site "Chess.com"]
[Date "2020.04.07"]
[Round "6"]
[White "dragos420"]
[Black "northridgehawk"]
[Result "1-0"]
[WhiteElo "2519"]
[BlackElo "2305"]
[TimeControl "180+1"]
[EndTime "14:07:01 PDT"]
[Termination "dragos420 won on time"]

1. e4 e5 2. Nf3 Nc6 3. Bc4 Nf6 4. d3 Bc5 5. c3 d6 6. O-O a6 7. Bb3 Ba7 8. Nbd2 h6 9. Re1 g5 10.
Nf1 g4 11. N3d2 Nh5 12. Nc4 Qh4 13. Be3 Nf4 14. Bxa7 Nxa7 15. d4 Nc6 16. Nce3 Bd7 17. Ng3 O-O-O 18. Bxf7 Rdf8 19. Bd5 Ne7 20. dxe5 dxe5 21.
Bxb7+ Kd8 22. Bxa6 Rf6 23. Bb5 Rd6 24. Qa4 Bc8 25.
Rad1 Ne6 26. Nef5 Nxf5 27. Nxf5 Qf6 28. Nxd6 cxd6 29. Rxd6+ Ke7 30. Red1 1-0

[Event "*** Titled Tuesday Blitz"]
[Site "Chess.com"]
[Date "2020.04.07"]
[Round "6"]
[White "tomsishere"]
[Black "Grandmasta23"]
[Result "1-0"]
[WhiteElo "2255"]
[BlackElo "2320"]
[TimeControl "180+1"]
[EndTime "14:07:01 PDT"]
[Termination "tomsishere won on time"]

1. d4 Nf6 2. c4 g6 3. Nc3 Bg7 4. e4 d6 5. Nge2 O-O 6. f3 a6 7.
Be3 Nbd7 8. Qd2 c5 9. Rd1 cxd4 10. Nxd4 Ne5 11. Be2 h5 12. O-O Bd7 13. b3 Rc8 14.
Rc1 a5 15. a4 Ne8 16. Rfd1 Nc7 17. h3 Na6 18. f4 Nc6 19. f5 Nc5 20. Rb1 h4 21.
fxg6 fxg6 22. Bf3 Ne5 23. Bh6 Qe8 24. Nd5 Rd8 25. Bxg7 Kxg7 26. Rf1 Qf7 27. Be2 Qg8 28. Nxe7 1-0

[Event "*** Titled Tuesday Blitz"]
[Site "Chess.com"]
[Date "2020.04.07"]
[Round "6"]
[White "tufferguy"]
[Black "AndreyNeves"]
[Result "0-1"]
[WhiteElo "2396"]
[BlackElo "2204"]
[TimeControl "180+1"]
[EndTime "14:07:02 PDT"]
[Termination "AndreyNeves won by resignation"]

1. e4 c5 2. c3 d6 3. d4 Nf6 4. Bd3 Nc6 5. Ne2 g6 6. O-O Bg7 7. h3 O-O 8. Be3 b6 9. f4 cxd4 10. cxd4 Nb4 11. Nbc3 Nxd3 12. Qxd3 Bb7 13. d5 Nd7 14.
Rac1 Nc5 15. Qb1 Ba6 16. Rfd1 Bxe2 17. Nxe2 Qd7 18. b4 Na6 19. Rc6 e6 20. b5 Nc5 21. Bxc5 bxc5 22. dxe6 Qxe6 23. Rcxd6 Qc4 24. R6d3 Qxe4 25. R3d2 Qe3+ 26. Kh1 c4 27. Qc2 Rac8 28. a4 Rfe8 29. a5 c3 30. Rd7 Qxe2 31. Qxe2 Rxe2 32. b6 axb6 33. axb6 c2 34. Rd8+ Rxd8 35. Rxd8+ Bf8 36. Rc8 Re1+ 37. Kh2 c1=Q 38. Rxc1 Rxc1 0-1

[Event "*** Titled Tuesday Blitz"]
[Site "Chess.com"]
[Date "2020.04.07"]
[Round "6"]
[White "Federtiu"]
[Black "AnishGiri"]
[Result "0-1"]
[WhiteElo "2686"]
[BlackElo "2925"]
[TimeControl "180+1"]
[EndTime "14:07:03 PDT"]
[Termination "AnishGiri won on time"]

1. g3 Nf6 2. Bg2 d5 3. d3 e5 4. Nf3 Bd6 5. O-O O-O 6. Nc3 h6 7. h3 Re8 8. Re1 e4 9. Nh2 Nc6 10. dxe4 dxe4 11. Nb5 Be5 12. Qxd8 Nxd8 13. Bf4 Bxf4 14. gxf4 Re7 15. Rad1 Ne6 16. f5 Nf4 17. Rd8+ Kh7 18. Ng4 Rd7 19. Nxf6+ gxf6 20. Re8 Nxg2 21. Kxg2 b6 22. Nc3 Bb7 23. Rxa8 Bxa8 24. Rd1 e3+ 25. f3 Re7 26. Kg3 Bc6 27. Kf4 Re5 28. Rd3 Rc5 29. Rd4 Kg7 30. h4 h5 31. Kxe3 Rxf5 32. Kf2 Rc5 33. Ke3 a5 34. Kd2 f5 35. e3 Kf6 36. f4 Ke7 37. Ne2 Be4 38. c3 Bb1 39. a3 Rc6 40. Ng3 Rg6 41. Nxh5 Be4 0-1

[Event "*** Titled Tuesday Blitz"]
[Site "Chess.com"]
[Date "2020.04.07"]
[Round "6"]
[White "stolencandy13"]
[Black "Dinamo81"]
[Result "0-1"]
[WhiteElo "2432"]
[BlackElo "2622"]
[TimeControl "180+1"]
[EndTime "14:07:03 PDT"]
[Termination "Dinamo81 won by resignation"]

1. e4 e6 2. d4 d5 3. Nd2 c5 4. exd5 exd5 5. Ngf3 Nc6 6. Bb5 cxd4 7. O-O Bd6 8. Nxd4 Ne7 9. N2b3 O-O 10. Be3 Qc7 11. Qh5 Ne5 12. Be2 a6 13. Rad1 Nc4 14. Bc1 Bd7 15. Bd3 g6 16. Qh6 Nc6 17. Nf3 Bg4 18.
Ng5 f6 19. f3 Bc8 20. Rfe1 N6e5 21. Bxc4 dxc4 22. Rxd6 fxg5 23. Rxe5 Qxd6 24. Qxg5 cxb3 25.
axb3 Bf5 26. Bd2 Qxe5 27. Bc3 Qc5+ 28. Kf1 Bd3+ 0-1